 Dungeon Crawl Stone Soup version 0.24-a0-459-g225fefd530 (webtiles) character file.

Game seed: 14119806892363901971

1229 Inarius the Struggler (level 8, -1/61 HPs)
             Began as a Demonspawn Abyssal Knight on June 29, 2019.
             Was an Initiate of Okawaru.
             Slain by a lorocyproca (10 damage)
             ... on level 1 of the Abyss.
             The game lasted 00:12:12 (6237 turns).

Inarius the Struggler (Demonspawn Abyssal Knight)   Turns: 6237, Time: 00:12:13

Health: -1/61      AC: 18    Str: 14    XL:     8   Next: 24%
Magic:  0/21       EV:  4    Int: 15    God:    Okawaru [......]
Gold:   437        SH:  0    Dex: 12    Spells: 7/7 levels left

rFire    + . .     SeeInvis .   x - +9 great sword of Equilibrium {slice, +Rage rF+}
rCold    . . .     Gourm    .   (shield currently unavailable)
rNeg     . . .     Faith    .   s - +0 plate armour
rPois    .         Spirit   +   B - +0 hat
rElec    .         Reflect  .   D - +2 cloak
rCorr    .         Harm     .   (no gloves)
MR       .....                  C - +1 pair of boots
Stlth    ..........             (no amulet)
HPRegen  0.20/turn              j - ring of magical power
MPRegen  0.17/turn              n - +1 ring of slaying

@: no status effects
A: hooves 1, yellow scales 1, spiny 1, magic shield
a: Renounce Religion, Evoke Berserk Rage


You were on level 1 of the Abyss.
You worshipped Okawaru.
Okawaru was noncommittal.
You were not hungry.

You visited 2 branches of the dungeon, and saw 7 of its levels.
You visited the Abyss 2 times.

You collected 437 gold pieces.

Inventory:

Hand Weapons
 a - a +2 hand axe
 x - the +9 great sword of Equilibrium (weapon) {slice, +Rage rF+}
   (You found it on level 5 of the Dungeon)

   It inflicts extra damage upon your enemies.
   It protects you from fire.
   It lets you go berserk.
Armour
 s - a +0 plate armour (worn)
 B - a +0 hat (worn)
 C - a +1 pair of boots (worn)
 D - a +2 cloak (worn)
Jewellery
 j - a ring of magical power (left hand)
 n - a +1 ring of slaying (right hand)
 p - a +2 ring of intelligence
Scrolls
 g - 6 scrolls of teleportation
 h - a scroll of silence {unknown}
 i - a scroll of magic mapping {unknown}
 k - a scroll of remove curse
 l - 3 scrolls of enchant weapon
 o - a scroll of identify
 r - 2 scrolls of amnesia {unknown}
 v - a scroll of random uselessness {unknown}
 w - 2 scrolls of fear {unknown}
 y - 2 scrolls of enchant armour {unknown}
Potions
 d - 2 potions of flight
 e - 3 potions of resistance {unknown}
 f - a potion of invisibility
 m - 3 potions of might {unknown}
 q - 2 potions of brilliance {unknown}
 t - a potion of cancellation
 u - a potion of magic
 z - 2 potions of agility {unknown}
 A - a potion of degeneration {unknown}
 E - a potion of curing {unknown}
Comestibles
 b - 3 chunks of flesh
 c - 10 rations


   Skills:
 + Level 4.5 Fighting
 * Level 5.0 Long Blades
 - Level 4.2 Axes
 + Level 3.6 Armour
 + Level 2.3 Dodging
 * Level 5.8 Invocations


You had 7 spell levels left.
You didn't know any spells.
Your spell library was empty.

Dungeon Overview and Level Annotations

Branches:
Dungeon (6/15)             Temple (1/1) D:6

Altars:
Ashenzari
Cheibriados
Elyvilon
Fedhas
Nemelex Xobeh
Okawaru
Qazlal
Uskayaw
Vehumet
Yredelemnul
Zin


Innate Abilities, Weirdness & Mutations

You have large cloven feet.
You are partially covered in yellow scales. (AC +2)
You are partially covered in sharp spines.
When hurt, damage is shared between your health and your magic reserves.


Message History

Unknown command.
You're too confused to move!
You bump into the rock wall.
You feel less confused.
You hear a chilling moan.
Found a grey potion and a ration.
Found a ring mail.
E - a grey potion
Found a great sword.
Found 3 scrolls labeled BUOM REAZA.
Deactivating autopickup; reactivate with Ctrl-A.
You slash something! Something hits you!!
You feel your power leaking away.
Your plate armour prevents you from hitting something.
Something hits you!
You feel your power leaking away. Something hits you!!
* * * LOW HITPOINT WARNING * * *
You hit something but do no damage. Something hits you!
You die...

........#...#
. ...∩... ...
# .# . . ....
#.## #. .. .
....
#.####..##
.##. ..
.#####.. #.#
.#. .#. #...#
#..#..#.##
..#.... #.. #
###......#
...?. #. .
##. #..##..#
.....
.##.#..#.#@.#
... ..#
#.#.#..### #
.... #.#
##..# . ...
...#....# .#
.
.....#.#.#.#
#.... ..
..#.. .
##...#
....#). ..
..##...# ..#
.#. ..#...#
...


There were no monsters in sight!

Vanquished Creatures
  An orc warrior (D:5)
  3 sky beasts
  An ogre (D:4)
  A centaur (D:6)
  A crimson imp (D:5)
  A hound (D:2)
  6 orc priests
  Jessica (D:2)
  3 orc wizards
  An iguana (D:4)
  3 worker ants
  7 gnolls (D:5)
  6 adders
  3 worms (D:2)
  A dart slug (D:1)
  4 leopard geckos
  23 orcs
  2 giant cockroaches (D:1)
  9 hobgoblins
  9 jackals
  3 quokkas
  8 bats
  11 frilled lizards
  3 goblins
  A jackal skeleton (D:5)
  6 kobolds
  6 rats
124 creatures vanquished.

Notes
Turn   | Place    | Note
-------+----------+-------------------------------------------
     0 | Abyss:1  | Inarius the Demonspawn Abyssal Knight began the quest for
                  | the Orb.
     0 | Abyss:1  | Reached XP level 1. HP: 18/18 MP: 2/2
    59 | Abyss:2  | Noticed a large abomination
   101 | Abyss:4  | Noticed a blink frog
   115 | Abyss:4  | Noticed a titan zombie
   115 | Abyss:4  | Noticed a wretched star
   118 | D:1      | Escaped the Abyss
   326 | D:1      | You fall into a shaft and drop 1 floor!
   341 | D:2      | Reached * piety under Lugonu
   706 | D:2      | Gained mutation: You have large cloven feet. [demonic
                  | ancestry]
   706 | D:2      | Reached XP level 2. HP: 11/24 MP: 4/4
  1438 | D:1      | Gained mutation: When hurt, damage is shared between your
                  | health and your magic reserves. [demonic ancestry]
  1438 | D:1      | Reached XP level 3. HP: 25/29 MP: 5/5
  1586 | D:1      | Reached skill level 1 in Dodging
  2355 | D:2      | Noticed Jessica
  2360 | D:2      | Reached ** piety under Lugonu
  2562 | D:2      | Killed Jessica
  2562 | D:2      | Reached XP level 4. HP: 17/35 MP: 5/6
  3179 | D:3      | Gained mutation: You are partially covered in sharp spines.
                  | [demonic ancestry]
  3179 | D:3      | Reached XP level 5. HP: 37/41 MP: 7/7
  3600 | D:4      | Noticed an ogre
  3614 | D:4      | Killed an ogre
  3672 | D:4      | Reached XP level 6. HP: 26/48 MP: 8/8
  3939 | D:4      | You fall into a shaft and drop 1 floor!
  3939 | D:5      | Entered Level 5 of the Dungeon
  3939 | D:5      | Found a hide-covered altar of Uskayaw.
  3949 | D:5      | Got a smoking great sword
  3963 | D:4      | Identified the +9 great sword of Equilibrium {slice, +Rage
                  | rF+} (You found it on level 5 of the Dungeon)
  4613 | D:5      | Noticed a sky beast
  4628 | D:5      | Killed a sky beast
  4628 | D:5      | Reached skill level 1 in Long Blades
  4628 | D:5      | Gained mutation: You are partially covered in yellow
                  | scales. (AC +2) [demonic ancestry]
  4628 | D:5      | Reached XP level 7. HP: 42/54 MP: 10/10
  4670 | D:5      | Reached *** piety under Lugonu
  5395 | D:5      | Reached skill level 5 in Invocations
  5830 | D:6      | Reached XP level 8. HP: 61/61 MP: 11/11
  5903 | D:6      | Found a staircase to the Ecumenical Temple.
  5941 | Temple   | Entered the Ecumenical Temple
  6030 | Temple   | Fell from the grace of Lugonu
  6030 | Temple   | Became a worshipper of Warmaster Okawaru
  6197 | D:6      | Reached skill level 5 in Long Blades
  6198 | D:6      | Cast into level 1 of the Abyss (Lugonu's touch)
  6237 | Abyss:1  | Slain by a lorocyproca

Levels and vault maps discovered:
D:1:      eino_arrival_water_cross, layout_loops_ring
D:2:      layout_basic, uniq_jessica
D:3:      layout_rooms
D:4:      layout_cave_pools, first_ration, item_on_display_a
D:5:      layout_cave_pods, basic_altar, guppyfry_early_orc_mine
D:6:      layout_loops_cross, minmay_temple_entry_proselytizer
Temple:   eino_wide_crystal_templ
Abyss:1

Skill      XL: |  1  2  3  4  5  6  7  8 |
---------------+-------------------------+-----
Axes           | 2 3 4 |  4.2
Invocations    | 3 4 5 |  5.8
Dodging        | 1 2 |  2.3
Armour         | 2 3 |  3.6
Fighting       | 4 |  4.5
Long Blades    | 1 4 5 |  5.0

Action                   |  1- 3 |  4- 6 |  7- 9 || total
-------------------------+-------+-------+-------++-------
Melee: Hand axe          |   146 |    85 |       ||   231
       Kick              |    18 |    22 |     7 ||    47
       Great sword       |       |    17 |    71 ||    88
Invok: Depart the Abyss  |     1 |       |       ||     1
  Use: Scroll            |     1 |     2 |     4 ||     7
  Eat: Chunk             |     5 |     7 |     5 ||    17
Armor: Leather armour    |    37 |    17 |       ||    54
       Scale mail        |       |     7 |     7 ||    14
       Plate armour      |       |       |    63 ||    63
Dodge: Dodged            |   102 |    65 |    29 ||   196
       Rpst.: Great sword |       |     7 |     6 ||    13

Table legend:
 A = Non-vault XP
 B = Vault XP
 C = Vault XP percentage of total XP
 D = Non-vault monster count
 E = Vault monster count
 F = Vault count percentage of total count
                 A         B        C        D         E       F
            +---------+---------+-------+---------+---------+-------
      Total |    1458 |     299 |  17.0 |     115 |       9 |   7.3
            +---------+---------+-------+---------+---------+-------
        D:1 |      33 |       0 |   0.0 |      20 |       0 |   0.0
        D:2 |     101 |      37 |  26.8 |      27 |       1 |   3.6
        D:3 |      31 |       0 |   0.0 |      10 |       0 |   0.0
        D:4 |     346 |       0 |   0.0 |      16 |       0 |   0.0
        D:5 |     533 |     221 |  29.3 |      24 |       7 |  22.6
        D:6 |     414 |      41 |   9.0 |      18 |       1 |   5.3
            +---------+---------+-------+---------+---------+-------
